 Dungeon Crawl Stone Soup version 0.25.1-2-g60ff931df9 (webtiles) character file.

Game seed: 15759790129406637578

119 MissAmeliaDuncan the Shooter (level 4, 0/36 HPs)
             Began as a Minotaur Arcane Marksman on Sept 21, 2020.
             Succumbed to an adder's poison
             ... on level 3 of the Dungeon.
             The game lasted 00:20:34 (2411 turns).

MissAmeliaDuncan the Shooter (MiAM)                 Turns: 2411, Time: 00:20:34

Health: 0/36       AC:  2    Str: 14    XL:     4   Next: 74%
Magic:  4/4        EV: 12    Int: 10    God:
Gold:   116        SH:  0    Dex: 12    Spells: 2/5 levels left

rFire    . . .     SeeInvis .   g - +0 dagger
rCold    . . .     Gourm    .   (no shield)
rNeg     . . .     Faith    .   e - +1 robe
rPois    .         Spirit   .   (helmet restricted)
rElec    .         Reflect  .   h - +2 cloak
rCorr    .         Harm     .   (no gloves)
MR       +....                  (no boots)
Stlth    +.........             I - amulet of inaccuracy (curse)
HPRegen  0.12/turn              u - -4 ring of protection (curse)
MPRegen  0.09/turn              H - ring of protection from magic

@: lethally poisoned (0 -> -11)
A: retaliatory headbutt, horns 2
a: no special abilities


You were on level 3 of the Dungeon.
You were not hungry.

You visited 1 branch of the dungeon, and saw 3 of its levels.

You collected 116 gold pieces.

Inventory:

Hand Weapons
 a - a +0 shortbow
 g - a +0 dagger (weapon)
 i - a cursed -3 mace
 m - a +0 dagger
 n - a +0 club
 o - a +0 club
 p - a +0 club
 s - a +0 club
 v - a +0 club
 w - a +0 short sword
 y - a +0 dagger
 B - a +0 whip of draining
 C - a +0 mace
 D - a +0 hand axe
 E - a +0 short sword
 F - a +0 whip
 G - a +0 club
Missiles
 d - 74 arrows
 j - 35 poisoned darts (quivered)
 t - 73 bolts
 x - 31 stones
Armour
 e - a +1 robe (worn)
 h - a +2 cloak (worn)
 A - a +0 robe
Jewellery
 u - a cursed -4 ring of protection (left hand)
 H - a ring of protection from magic (right hand)
 I - a cursed amulet of inaccuracy (around neck)
Scrolls
 b - a scroll of enchant armour
 k - a scroll of fog {unknown}
 L - a scroll of immolation {unknown}
Potions
 c - a potion of stabbing {unknown}
 l - 2 potions of haste {unknown}
 q - 2 potions of curing {unknown}
 r - a potion of brilliance {unknown}
 z - a potion of mutation {unknown}
 K - a potion of lignification {unknown}
 M - 2 potions of heal wounds {unknown}
Comestibles
 f - 3 rations
 J - 3 chunks of flesh


   Skills:
 + Level 1.9 Fighting
 + Level 4.7 Bows
 + Level 2.3 Dodging
 + Level 0.2 Stealth
 + Level 1.0 Spellcasting
 + Level 2.3 Hexes


You had 2 spell levels left.
You knew the following spells:

 Your Spells              Type           Power        Failure   Level  Hunger
a - Corona                Hex            #......      13%         1    ##.....
b - Slow                  Hex            #.......     21%         2    ###....

Your spell library contained the following spells:

 Spells                   Type           Power        Failure   Level  Hunger
 Inner Flame              Hex/Fire       #.......     54%         3    ####...
 Portal Projectile        Hex/Tloc       #.....       54%         3    ####...
 Cause Fear               Hex            #.........   78%         4    #####..
 Leda's Liquefaction      Hex/Erth       #.........   91%         4    #####..


Dungeon Overview and Level Annotations

Branches:
Dungeon (3/15)

Altars:
Wu Jian


Innate Abilities, Weirdness & Mutations

You reflexively headbutt those who attack you in melee.
You have a pair of horns on your head.


Message History

You feel sick. The adder misses you.
You closely miss the adder.
The adder is heavily wounded.
* * * LOW HITPOINT WARNING * * *
You feel sick. The adder bites you.
* * * LOW HITPOINT WARNING * * *
You barely miss the adder. Your headbutt misses the adder.
The adder is heavily wounded.
* * * LOW HITPOINT WARNING * * *
You feel sick. The adder bites you but does no damage.
The adder barely misses you.
You hit the adder.
The adder is severely wounded.
* * * LOW HITPOINT WARNING * * *
You feel sick. The adder closely misses you. You furiously retaliate!
You headbutt the adder.
You kill the adder!
There is a lethal amount of poison in your body!
A bat and a goblin come into view.
You die...

.................
...........######
##########.## ......
...# ##.... ..... # ....
....... .| ###.b
.......# ##
.####...################
g......@'...............
.####...###############.
#...# #. #...# #. #.%.#
#. #...# #. #...# #.
#...# #. #.


You could see a goblin (asleep) and a bat (asleep).

Vanquished Creatures
  6 adders
  5 dart slugs
  2 leopard geckos (D:2)
  5 bats
  2 giant cockroaches (D:2)
  4 goblins
  9 hobgoblins
  6 jackals
  A quokka (D:2)
  A frilled lizard (D:3)
  6 kobolds
  3 rats
50 creatures vanquished.

Notes
Turn   | Place    | Note
-------+----------+-------------------------------------------
     0 | D:1      | MissAmeliaDuncan the Minotaur Arcane Marksman began the
                  | quest for the Orb.
     0 | D:1      | Reached XP level 1. HP: 16/16 MP: 1/1
   142 | D:1      | Reached XP level 2. HP: 23/23 MP: 2/2
   594 | D:2      | Reached skill level 3 in Bows
   922 | D:2      | Reached XP level 3. HP: 25/28 MP: 3/3
   948 | D:2      | Found an ornate altar of the Wu Jian Council.
  1111 | D:2      | Learned a level 2 spell: Slow
  1332 | D:2      | Reached XP level 4. HP: 32/36 MP: 4/4
  1334 | D:2      | Reached skill level 4 in Bows
  2410 | D:3      | HP: 1/36 [poisoned by an adder]
  2411 | D:3      | Succumbed to an adder's poison

Illustrated notes

Levels and vault maps discovered:
D:1:      heliophobic_arrival_battle_scene, layout_basic
D:2:      layout_loops_corners, lemuel_doored_altar, kennysheep_generic_room_13
D:3:      layout_basic, nicolae_overflow_hidden_temple,
          chequers_ecumenical_altar_lobes

Skill      XL: |  1  2  3  4 |
---------------+-------------+-----
Bows           | 3 4 |  4.7
Fighting       | |  1.9
Dodging        | |  2.3
Stealth        | |  0.2
Spellcasting   | |  1.0
Hexes          | |  2.3

Action                   |  1- 3 |  4- 6 || total
-------------------------+-------+-------++-------
Melee: Dagger            |       |    32 ||    32
       Shortbow          |       |     1 ||     1
 Fire: Shortbow          |   100 |    33 ||   133
  Use: Scroll            |       |     1 ||     1
  Eat: Chunk             |     1 |     1 ||     2
       Ration            |       |     1 ||     1
Armor: Robe              |     3 |    11 ||    14
Dodge: Dodged            |    21 |    46 ||    67
